 Dungeon Crawl Stone Soup version 0.20-b1 (webtiles) character file.

193 Zwobot the Slasher (level 5, -3/41 HPs)
             Began as a Barachi Gladiator on May 19, 2017.
             Slain by a kobold
             ... wielding a +2 dagger of electrocution
              (17 damage)
             ... on level 2 of the Dungeon.
             The game lasted 00:07:44 (2311 turns).

Zwobot the Slasher (Barachi Gladiator)              Turns: 2311, Time: 00:07:45

Health: -3/41      AC:  4    Str: 15    XL:     5   Next: 72%
Magic:  5/5        EV: 13    Int:  9    God:
Gold:   116        SH:  0    Dex: 14    Spells: 4/4 levels left

rFire    . . .     SeeInvis .   a - +0 long sword
rCold    . . .     Gourm    .   (no shield)
rNeg     . . .     Faith    .   b - +0 leather armour
rPois    .         Spirit   .   u - +0 helmet
rElec    .         Reflect  .   (no cloak)
rCorr    .         Harm     .   (no gloves)
MR       .....                  (no boots)
Stlth    +.........             (no amulet)
Regen    0.2/turn               (no ring)
MPRegen  0.1/turn               (no ring)

@: slow
A: +LOS, swims, slowness 1, strong legs 1
a: Hop


You were on level 2 of the Dungeon.
You were not hungry.

You visited 1 branch of the dungeon, and saw 2 of its levels.

You collected 116 gold pieces.

Inventory:

Hand Weapons
 a - a +0 long sword (weapon)
 l - a +0 dagger
Missiles
 d - 2 throwing nets (quivered)
 e - 3 javelins
 m - 60 stones
Armour
 b - a +0 leather armour (worn)
 c - a +0 helmet
 k - a +0 ring mail
 r - a +0 buckler
 u - a +0 helmet (worn)
Scrolls
 h - 3 scrolls of remove curse
 n - 4 scrolls of identify {unknown}
 o - 2 scrolls of teleportation {unknown}
 p - a scroll of magic mapping {unknown}
 q - a scroll of enchant armour {unknown}
 t - a scroll of enchant weapon {unknown}
Potions
 g - 2 potions of lignification {unknown}
 j - 4 potions of curing {unknown}
 s - a potion of berserk rage {unknown}
Comestibles
 f - a bread ration
 i - 4 chunks of flesh


   Skills:
 + Level 3.2 Fighting
 * Level 7.1 Long Blades
 - Level 2.0 Throwing
 - Level 3.2 Dodging


You had 4 spell levels left.
You didn't know any spells.

Dungeon Overview and Level Annotations

Branches:
Dungeon (2/15)

Altars:


Innate Abilities, Weirdness & Mutations

Shadows flee at your approach. (+LOS)
You can swim through water.
You cover ground slowly.
You can hop short distances.


Message History

Some of the chunks of flesh in your inventory have rotted away.
Eating one of 5 chunks of flesh.
You eat one of the 5 chunks of flesh.
This raw flesh tastes terrible.
A kobold comes into view.
It is wielding a dagger of electrocution.
The kobold shouts!
The kobold hits you with a dagger of electrocution.
You barely miss the kobold. The kobold barely misses you.
Your leather armour prevents you from hitting the kobold.
The kobold hits you with a dagger of electrocution.
You are electrocuted!
You are too injured to fight recklessly!
You are too injured to fight recklessly!
Throwing (i - inventory. (,) - cycle):
d - 3 throwing nets (quivered)
Press: ? - help, Shift-Dir - straight line, f - kobold
Aim: a kobold, wielding a dagger of electrocution You throw a throwing net.
The throwing net barely misses the kobold.
The kobold hits you with a dagger of electrocution.
You are electrocuted!
You die...

#.........>####.........#........
..........))))..).......#........
##.........####......####....g...
...........#.........# ##....<..
##................#...## ##.g...#
#..........####).# #..# #..#####
........##..# #..# #.###(##
.######.....# #K.# #.##g.# #
#.....# #@## #.>g.## #
#.....####.#####..###
................)...#...#
#######...............#.#
##..##.........###.#
#####..#####........##..
##.............##....###..
)......#####....g....# #.(
######## #.......... .#.


You could see a kobold.

Vanquished Creatures
  Natasha (thrice) (D:2)
  Robin (D:2)
  2 adders
  A worm (D:2)
  2 dart slugs
  A leopard gecko (D:1)
  4 giant cockroaches (D:1)
  14 goblins
  8 hobgoblins
  9 jackals
  8 kobolds
  2 quokkas
  2 ball pythons (D:2)
  8 bats
  11 rats
76 creatures vanquished.

Notes
Turn   | Place    | Note
-------+----------+-------------------------------------------
     0 | D:1      | Zwobot the Barachi Gladiator began the quest for the Orb.
     0 | D:1      | Reached XP level 1. HP: 17/17 MP: 1/1
    46 | D:1      | Reached skill level 4 in Long Blades
   141 | D:1      | Reached XP level 2. HP: 23/23 MP: 2/2
   693 | D:1      | Reached XP level 3. HP: 28/28 MP: 3/3
   702 | D:1      | Reached skill level 5 in Long Blades
  1102 | D:2      | Noticed Robin
  1291 | D:2      | Noticed Natasha
  1309 | D:2      | Killed Natasha
  1309 | D:2      | Reached XP level 4. HP: 19/34 MP: 4/4
  1622 | D:2      | Reached skill level 6 in Long Blades
  1658 | D:2      | Noticed Natasha
  1664 | D:2      | Killed Natasha
  1664 | D:2      | Reached XP level 5. HP: 29/41 MP: 5/5
  1758 | D:2      | Noticed Natasha
  2040 | D:2      | Killed Natasha
  2099 | D:2      | Reached skill level 7 in Long Blades
  2121 | D:2      | Killed Robin
  2311 | D:2      | Slain by a kobold

Skill      XL: |  1  2  3  4  5 |
---------------+----------------+-----
Long Blades    | 4 5 6 7 |  7.1
Fighting       | 3 |  3.2
Throwing       | |  2.0
Dodging        | |  3.2

Action                   |  1- 3 |  4- 6 || total
-------------------------+-------+-------++-------
Melee: Long sword        |    95 |   110 ||   205
Throw: Javelin           |     3 |     2 ||     5
       Throwing net      |       |     1 ||     1
  Use: Scroll            |     1 |       ||     1
  Eat: Chunk             |     2 |     4 ||     6
Armor: Leather armour    |    28 |    26 ||    54
Dodge: Dodged            |    79 |    78 ||   157
       Rpst.: Long sword |    20 |    25 ||    45
